 Dungeon Crawl Stone Soup version 0.23.2-33-g5129a83184 (webtiles) character file.

Game seed: 14835229133679939197

320 Ivernyr the Shield-Bearer (level 6, -2/33 HPs)
             Began as a Vine Stalker Fighter on June 28, 2019.
             Slain by an orc wizard
             ... wielding a +2 dagger of electrocution
              (14 damage)
             ... on level 4 of the Dungeon.
             The game lasted 00:08:23 (1898 turns).

Ivernyr the Shield-Bearer (Vine Stalker Fighter)    Turns: 1898, Time: 00:08:23

Health: -2/33      AC: 12    Str: 20    XL:     6   Next: 46%
Magic:  0/7        EV:  7    Int:  8    God:
Gold:   156        SH:  9    Dex: 14    Spells: 5/5 levels left

rFire    . . .     SeeInvis .   a - +0 flail
rCold    . . .     Gourm    .   c - +0 shield
rNeg     . . .     Faith    .   b - +0 scale mail
rPois    .         Spirit   +   (no helmet)
rElec    .         Reflect  .   h - +0 cloak
rCorr    .         Harm     .   (no gloves)
MR       .....                  i - +0 pair of boots
Stlth    ..........             (no amulet)
HPRegen  0.51/turn              n - +3 ring of protection
MPRegen  0.10/turn              (no ring)

@: no status effects
A: fangs 2, regeneration 1, magic shield, antimagic bite, no potion heal 3, rot
immunity
a: no special abilities


You were on level 4 of the Dungeon.
You were not hungry.

You visited 1 branch of the dungeon, and saw 4 of its levels.

You collected 156 gold pieces.

Inventory:

Hand Weapons
 a - a +0 flail (weapon)
Armour
 b - a +0 scale mail (worn)
 c - a +0 shield (worn)
 h - a +0 cloak (worn)
 i - a +0 pair of boots (worn)
Jewellery
 n - a +3 ring of protection (left hand)
Wands
 s - a wand of iceblast (13)
Scrolls
 e - a scroll of amnesia {unknown}
 g - 4 scrolls of remove curse {unknown}
 k - 2 scrolls of identify {unknown}
 q - 3 scrolls of teleportation {unknown}
 t - a scroll of magic mapping {unknown}
 u - a scroll of enchant armour {unknown}
Potions
 d - a potion of might
 j - a potion of resistance {unknown}
 l - a potion of flight {unknown}
 m - a potion of brilliance {unknown}
 o - 2 potions of mutation {unknown}
 p - a potion of curing {unknown}
 r - a potion of haste {unknown}
Comestibles
 f - 4 rations


   Skills:
 + Level 3.9 Fighting
 + Level 3.3 Maces & Flails
 + Level 3.5 Armour
 + Level 4.0 Shields


You had 5 spell levels left.
You didn't know any spells.
Your spell library was empty.

Dungeon Overview and Level Annotations

Branches:
Dungeon (4/15)             Temple (0/1) D:4

Altars:


Innate Abilities, Weirdness & Mutations

You have extremely sharp teeth.
Your natural rate of healing is unusually fast.
When hurt, damage is shared between your health and your magic reserves.
Your bite disrupts and absorbs the magic of your enemies.
Potions cannot restore your health.
You are immune to rotting.


Message History

The orc wizard blinks!
You block the orc's attack.
You hit the orc but do no damage. Your bite misses the orc.
The orc is moderately wounded.
The orc hits you with a +0 flail.
You barely miss the orc.
The orc is moderately wounded.
The orc wizard gestures at you while chanting.
The magic dart hits you but does no damage.
The orc hits you but does no damage.
You hit the orc but do no damage.
The orc is moderately wounded.
You block the orc wizard's attack.
A worker ant comes into view.
You block the orc's attack.
You barely miss the orc wizard.
The worker ant twitches its antennae in your direction.
The orc wizard hits you but does no damage.
The orc wizard hits you with a +2 dagger of electrocution.
You are electrocuted!
You die...

......# #..........#.#.#
......##.........#.#.#.
..................#.#.#
#..8..#.......#.#.#.
#.....##......+#.#.#
#..#(#.)##.....#.#.#. .
#. ##.##..##....+#.#.#
....##.o.##.(a....#.#.#.
(.8....@o...8......#.#.#
....##...##....##.#.#.#.
.## ##.##..##.#.#.#.#.#
#.#%.##..##.#.#.#. ....#
.##.#.#.#.# .8.. #
##.#.#.#. .... #.#.#.#.#
.#### ##.#.#.#.
#.#.#.#.#


You could see a worker ant, an orc wizard and an orc.

Vanquished Creatures
  Grinder (D:3)
  A worker ant (D:4)
  A hound skeleton (D:4)
  3 adders (D:3)
  An ooze (D:2)
  An adder skeleton (D:4)
  2 worms (D:2)
  2 dart slugs (D:1)
  2 leopard geckos (D:3)
  2 orcs (D:4)
  A giant cockroach (D:1)
  5 goblins
  3 hobgoblins
  6 jackals
  9 kobolds
  4 ball pythons
  7 bats
  3 rats (D:2)
54 creatures vanquished.

Notes
Turn   | Place    | Note
-------+----------+-------------------------------------------
     0 | D:1      | Ivernyr the Vine Stalker Fighter began the quest for the
                  | Orb.
     0 | D:1      | Reached XP level 1. HP: 11/11 MP: 2/2
   109 | D:1      | Reached XP level 2. HP: 15/16 MP: 3/3
   391 | D:1      | Reached skill level 3 in Shields
   413 | D:1      | Reached XP level 3. HP: 20/20 MP: 4/4
   864 | D:2      | You fall through a shaft!
   892 | D:3      | Gained mutation: Your natural rate of healing is unusually
                  | fast. [Vine Stalker growth]
   892 | D:3      | Reached XP level 4. HP: 18/24 MP: 5/5
  1299 | D:3      | Noticed Grinder
  1323 | D:3      | Paralysed by Grinder for 3 turns
  1348 | D:3      | Paralysed by Grinder for 2 turns
  1388 | D:3      | Paralysed by Grinder for 6 turns
  1407 | D:3      | Killed Grinder
  1407 | D:3      | Reached XP level 5. HP: 11/29 MP: 6/6
  1407 | D:3      | Reached XP level 6. HP: 13/33 MP: 7/7
  1875 | D:4      | Found a staircase to the Ecumenical Temple.
  1889 | D:4      | Reached skill level 4 in Shields
  1898 | D:4      | Slain by an orc wizard

Skill      XL: |  1  2  3  4  5  6 |
---------------+-------------------+-----
Maces & Flails | 2 3 |  3.3
Shields        | 3 4 |  4.0
Fighting       | 3 |  3.9
Armour         | 3 |  3.5

Action                   |  1- 3 |  4- 6 || total
-------------------------+-------+-------++-------
Melee: Flail             |    96 |    89 ||   185
       Bite              |    26 |    26 ||    52
  Eat: Chunk             |       |     1 ||     1
       Ration            |       |     1 ||     1
Armor: Scale mail        |    57 |    42 ||    99
Dodge: Dodged            |    36 |    24 ||    60
Block: Shield            |    56 |    45 ||   101
